 Dungeon Crawl Stone Soup version 0.25.1-2-g60ff931df9 (webtiles) character file.

Game seed: 7159483976762209335

3829 sankara the Martial Artist (level 10, -2/77 HPs)
             Began as a Merfolk Transmuter on Sept 9, 2020.
             Was an Initiate of Okawaru.
             Slain by Gastronok (25 damage)
             ... on level 8 of the Dungeon.
             The game lasted 00:31:55 (10801 turns).

sankara the Martial Artist (Merfolk Transmuter)    Turns: 10801, Time: 00:31:55

Health: -2/77      AC:  2    Str: 11    XL:     10   Next: 17%
Magic:  12/14      EV: 29    Int: 13    God:    Okawaru [......]
Gold:   107        SH:  0    Dex: 22    Spells: 5/15 levels left

rFire    . . .     SeeInvis .     - Unarmed
rCold    . . .     Gourm    .   (shield currently unavailable)
rNeg     . . .     Faith    .   (armour currently unavailable)
rPois    x         Spirit   .   (helmet currently unavailable)
rElec    .         Reflect  .   (cloak currently unavailable)
rCorr    +         Harm     .   (gloves currently unavailable)
MR       .....                  (boots currently unavailable)
Stlth    +++.......             (no amulet)
HPRegen  0.22/turn              f - ring of resist corrosion
MPRegen  0.14/turn              (no ring)

@: spider-form (expiring)
A: tiny, (change form in water), (swift swim), (stealthy swim)
a: End Transformation, Renounce Religion


You were on level 8 of the Dungeon.
You worshipped Okawaru.
Okawaru was noncommittal.
You were very hungry.
You were a venomous arachnid creature.
You visited 2 branches of the dungeon, and saw 9 of its levels.
You also visited: Sewer and Ossuary.

You collected 297 gold pieces.
You spent 190 gold pieces at shops.

Inventory:

Hand Weapons
 r - a +0 trident
 s - a +1 short sword of speed
 v - a +4 short sword
 N - a +2 spear of venom
 Q - a +0 hunting sling
Missiles
 a - 118 arrows
 e - 275 stones (quivered)
 i - 49 poisoned darts
 k - 32 sling bullets
 u - 5 boomerangs
 D - 4 throwing nets
 K - 6 curare-tipped darts
Armour
 b - a +0 robe (melded)
 t - a +2 buckler (melded)
 B - a +0 cloak (melded)
 T - a +1 leather armour of magic resistance
Magical Staves
 M - an uncursed staff of wizardry {unknown}
Jewellery
 f - a ring of resist corrosion (left front leg)
Wands
 J - a wand of enslavement (11)
 L - a wand of iceblast (7)
Scrolls
 c - a scroll of brand weapon {unknown}
 l - 10 scrolls of teleportation {unknown}
 o - 2 scrolls of enchant weapon {unknown}
 q - 2 scrolls of fear {unknown}
 y - 4 scrolls of random uselessness {unknown}
 z - 6 scrolls of identify {unknown}
 C - 7 scrolls of remove curse {unknown}
 F - 3 scrolls of amnesia
 H - 5 scrolls of magic mapping
 O - a scroll of enchant armour {unknown}
Potions
 g - 7 potions of brilliance {unknown}
 h - 3 potions of haste {unknown}
 j - 14 potions of heal wounds {unknown}
 m - 9 potions of curing
 n - 4 potions of magic
 p - 2 potions of degeneration {unknown}
 w - 2 potions of invisibility {unknown}
 x - 2 potions of resistance {unknown}
 A - 2 potions of mutation {unknown}
 E - 3 potions of might
 G - 5 potions of stabbing
 I - 3 potions of lignification {unknown}
 P - 2 potions of cancellation {unknown}
 R - a potion of ambrosia {unknown}
Comestibles
 d - 11 rations


   Skills:
 + Level 6.4 Fighting
 + Level 7.9 Dodging
 + Level 3.8 Stealth
 - Level 4.0 Shields
 + Level 8.5 Unarmed Combat
 - Level 3.0 Spellcasting
 + Level 8.1 Transmutations
 - Level 3.0 Ice Magic
 - Level 3.0 Poison Magic


You had 5 spell levels left.
You knew the following spells:

 Your Spells              Type           Power        Failure   Level  Hunger
a - Beastly Appendage     Tmut           ###...       4%          1    #......
b - Sticks to Snakes      Tmut           ###.....     6%          2    ###....
c - Spider Form           Tmut/Pois      ###.......   19%         3    ###....
d - Ice Form              Ice/Tmut       ###.....     43%         4    #####..

Your spell library contained the following spells:

 Spells                   Type           Power        Failure   Level  Hunger
 Ensorcelled Hibernation  Hex/Ice        #.....       38%         2    ###....
 Animate Skeleton         Necr           N/A          43%         1    #......
 Corona                   Hex            #......      43%         1    #......
 Pain                     Necr           #...         43%         1    #......
 Blade Hands              Tmut           ###.......   43%         5    ######.
 Confusing Touch          Hex            #.......     77%         3    ###....
 Dazzling Flash           Conj/Hex       #.....       77%         3    ###....
 Tukima's Dance           Hex            #.......     77%         3    ###....
 Vampiric Draining        Necr           #.........   77%         3    ###....
 Animate Dead             Necr           N/A          98%         4    #####..
 Agony                    Necr           #.......     100%        5    ######.
 Bolt of Magma            Conj/Fire/Erth #.........   100%        5    ######.
 Iskenderun's Battlesphe  Conj/Chrm      #.......     100%        5    ######.
 Iron Shot                Conj/Erth      #.........   100%        6    #######
 Orb of Destruction       Conj           #.........   100%        7    #######
 Spellforged Servitor     Conj/Summ      #.........   100%        7    #######


Dungeon Overview and Level Annotations

Branches:
Dungeon (8/15)             Temple (1/1) D:7           Sewer (visited)
Ossuary (visited)
   Lair: D:8-11

Altars:
Ashenzari
Cheibriados
Dithmenos
Elyvilon
Fedhas
Gozag
Hepliaklqana
Kikubaaqudgha
Makhleb
Nemelex Xobeh
Okawaru
Qazlal
Ru
Trog
Uskayaw
Vehumet
Wu Jian
Xom
Yredelemnul
Zin
The Shining One

Shops:
D:5 !

Annotations:
D:8 Gastronok


Message History

The air twists around and strikes you!!
You hit Gastronok.
Gastronok is lightly wounded.
You bite Gastronok!
Gastronok looks as sick as possible!
Gastronok is lightly wounded.
Gastronok bites you!!
* * * LOW HITPOINT WARNING * * *
You bite Gastronok!
Gastronok looks as sick as possible!
Gastronok is moderately wounded.
You hit Gastronok.
Gastronok is moderately wounded.
Your transformation is almost over.
Gastronok casts a spell.
Gastronok puts on a burst of speed!
You hit Gastronok but do no damage.
Gastronok is moderately wounded.
You hit Gastronok but do no damage.
Gastronok looks as sick as possible!
Gastronok is moderately wounded.
Gastronok bites you!!
You die...

#.....#######
#............ #
#............
#########
#............
#.......#
#............
#.......#
#...<........
#.......#
#.....w......
#....<..# #....s#
........# ####.##
........#
#.#################
........#
#.#......>.........
........#
#.#################
...#.#### #.#
...#.# #<# ...#.#
#.# ...#.# #.#


You could see Gastronok (swift, extremely poisoned).

Vanquished Creatures
  Pikel (D:8)
  2 water moccasins
  A phantom (D:5)
  3 sky beasts
  A slave (D:8)
  An ice beast (D:5)
  8 ogres
  A necrophage (D:5)
  2 centaurs
  2 bullfrogs (D:7)
  5 water moccasin zombies (Ossuary)
  A scorpion (D:8)
  A water moccasin skeleton (D:8)
  5 wights (D:6)
  2 howler monkeys
  A crimson imp (D:5)
  A bullfrog zombie (D:5)
  2 orc priests
  3 hounds
  3 orc wizards
  An iguana (D:7)
  A worker ant (D:4)
  A big kobold zombie (Ossuary)
  A hound zombie (D:5)
  2 mummies (Ossuary)
  13 adders
  10 gnolls
  5 river rats
  2 shadow imps
  An ooze (D:2)
  7 adder zombies (Ossuary)
  A worm (D:2)
  2 dart slugs (D:2)
  7 leopard geckos
  28 orcs
  7 ball pythons
  9 bats
  7 giant cockroaches
  2 gnoll zombies (Ossuary)
  5 goblins
  3 hobgoblins
  11 jackals
  A quokka (D:7)
  5 frilled lizards
  4 hobgoblin zombies (Ossuary)
  26 kobolds
  8 kobold zombies (Ossuary)
  A leopard gecko skeleton (D:8)
  2 orc zombies (Ossuary)
  A quokka zombie (D:6)
  30 rats
250 creatures vanquished.

Vanquished Creatures (others)
  Sigmund (D:2)
1 creature vanquished.

Grand Total: 251 creatures vanquished

Notes
Turn   | Place    | Note
-------+----------+-------------------------------------------
     0 | D:1      | sankara the Merfolk Transmuter began the quest for the Orb.
     0 | D:1      | Reached XP level 1. HP: 15/15 MP: 3/3
   307 | D:1      | Reached XP level 2. HP: 21/21 MP: 3/5
   311 | D:1      | Learned a level 2 spell: Sticks to Snakes
  1120 | D:2      | Reached XP level 3. HP: 27/27 MP: 4/6
  1156 | D:1      | Learned a level 3 spell: Spider Form
  1296 | D:2      | Found a faded altar of an unknown god.
  1820 | D:2      | Reached XP level 4. HP: 33/33 MP: 5/7
  1821 | D:2      | Noticed Sigmund
  1850 | D:2      | Killed Sigmund
  1850 | D:2      | Reached skill level 1 in Poison Magic
  1850 | D:2      | Reached XP level 5. HP: 22/39 MP: 5/8
  2139 | D:2      | Reached skill level 5 in Unarmed Combat
  2765 | D:3      | Found a hide-covered altar of Uskayaw.
  2785 | D:3      | Found a sparkling altar of Nemelex Xobeh.
  2804 | D:3      | Reached XP level 6. HP: 27/46 MP: 6/9
  3599 | D:3      | Found a stormy altar of Qazlal.
  3609 | D:3      | Found a burning altar of Makhleb.
  3616 | D:3      | Found a hazy altar of Hepliaklqana.
  3829 | D:4      | Found a snail-covered altar of Cheibriados.
  4006 | D:4      | Reached XP level 7. HP: 10/52 MP: 7/10
  4517 | D:5      | Entered Level 5 of the Dungeon
  4568 | D:5      | Reached skill level 5 in Dodging
  4770 | D:5      | Found Huumer's Distillery.
  5096 | D:5      | Reached skill level 1 in Shields
  5139 | D:5      | Reached XP level 8. HP: 51/60 MP: 9/12
  5166 | D:5      | Found a glowing drain.
  5174 | Sewer    | Entered a sewer
  5911 | D:5      | Reached skill level 5 in Transmutations
  6321 | D:5      | Bought a potion of stabbing for 40 gold pieces
  6321 | D:5      | Bought a potion of might for 40 gold pieces
  6321 | D:5      | Bought a potion of curing for 30 gold pieces
  6321 | D:5      | Bought a potion of magic for 80 gold pieces
  6912 | D:5      | Reached skill level 5 in Fighting
  7201 | D:6      | Reached XP level 9. HP: 53/67 MP: 9/13
  7214 | D:6      | Reached skill level 1 in Stealth
  7856 | D:6      | HP: 3/68 [poisoned by a wight]
  7864 | D:6      | HP: 3/68 [poisoned by a wight]
  8741 | D:7      | Learned a level 4 spell: Ice Form
  8742 | D:7      | Found a sand-covered staircase.
  8938 | Ossuary  | Entered an ossuary
  9021 | Ossuary  | Reached skill level 1 in Ice Magic
  9748 | D:7      | Found a staircase to the Ecumenical Temple.
  9755 | Temple   | Entered the Ecumenical Temple
  9957 | Temple   | Became a worshipper of Warmaster Okawaru
 10210 | D:8      | Reached XP level 10. HP: 71/76 MP: 9/14
 10279 | D:8      | Noticed Pikel
 10290 | D:8      | Killed Pikel
 10792 | D:8      | Noticed Gastronok
 10801 | D:8      | Slain by Gastronok

Illustrated notes

Levels and vault maps discovered:
D:1:      scummos_arrival_checkerplants, layout_basic
D:2:      minmay_chambers_of_ones, layout_rooms,
          chequers_ecumenical_altar_grove, uniq_sigmund
D:3:      layout_basic, lemuel_round_altar, nicolae_overflow_crystal_walls,
          minitemple, serial_glass, glass_columns_b, glass_columns_a,
          due_unseen_surprise, minmay_strange_pillars
D:4:      layout_rooms, cheibriados_altar_1, first_ration, nrook_mini_backslash,
          serial_bayou_pond_e
D:5:      layout_loops_ring, portal_sewer_entry_e, serial_shops, shop,
          minivault_25
D:6:      layout_cave_pools, hangedman_decor_points
D:7:      layout_loops_cross, temple_doors_cd,
          nicolae_ossuary_entry_false_entrances
D:8:      layout_basic, dpeg_oklobed_lair, uniq_pikel, uniq_gastronok
Temple:   regret_index_temple_generic_petals

Skill      XL: |  1  2  3  4  5  6  7  8  9 10 |
---------------+-------------------------------+-----
Dodging        | 3 4 5 6 7 |  7.9
Unarmed Combat | 4 5 6 7 8 |  8.5
Fighting       | 2 3 5 6 |  6.4
Transmutations | 3 4 6 7 8 |  8.1
Poison Magic   | 1 2 3 |  3.0
Shields        | 1 3 4 |  4.0
Spellcasting   | 3 |  3.0
Stealth        | 3 |  3.8
Ice Magic      | 3 |  3.0

Action                   |  1- 3 |  4- 6 |  7- 9 | 10-12 || total
-------------------------+-------+-------+-------+-------++-------
Melee: Unarmed           |   116 |   133 |   543 |    31 ||   823
       Headbutt          |     8 |     4 |       |       ||    12
 Cast: Beastly Appendage |    23 |     8 |       |       ||    31
       Spider Form       |     1 |    19 |    61 |     5 ||    86
  Use: Scroll            |       |       |     2 |       ||     2
       Potion            |       |       |     1 |       ||     1
 Stab: Sleeping          |     2 |     1 |     8 |     1 ||    12
  Eat: Chunk             |     2 |    11 |    22 |     2 ||    37
       Ration            |       |       |     2 |       ||     2
Armor: Robe              |    31 |       |     4 |       ||    35
       Skin              |       |     3 |    20 |     1 ||    24
Dodge: Dodged            |    86 |   101 |   556 |    14 ||   757
Block: Buckler           |       |       |    12 |       ||    12
